 Dungeon Crawl Stone Soup version 0.31.0-9-g3a7656b989 (webtiles) character file.

Game seed: 1157692148080027150

17 qw the Shooter (level 2, -2/16 HPs)
             Began as a Deep Elf Hunter on Feb 2, 2024.
             Slain by a gnoll
             ... wielding a +2 flail of holy wrath
              (7 damage)
             ... on level 1 of the Dungeon.
             The game lasted 00:00:01 (438 turns).

qw the Shooter (Deep Elf Hunter)                     Turns: 438, Time: 00:00:02

Health: -2/16      AC:  3    Str:  8    XL:     2   Next: 44%
Magic:  4/4        EV: 12    Int: 13    God:
Gold:   44         SH:  0    Dex: 18    Spells: 1/1 levels left

rFire   . . .        a - +0 shortbow
rCold   . . .        (shield currently unavailable)
rNeg    . . .        c - +0 leather armour
rPois   .            (no helmet)
rElec   .            (no cloak)
rCorr   .            (no gloves)
SInv    .            (no boots)
Will    .....        (no amulet)
Stlth   ++           (no ring)
HPRegen 0.22/turn    (no ring)
MPRegen 0.09/turn

%: no passive effects
@: no status effects
A: no striking features
a: no special abilities


You were on level 1 of the Dungeon.
You visited 1 branch of the dungeon, and saw 1 of its levels.

You collected 44 gold pieces.


   Skills:
 - Level 1.5 Fighting
 + Level 6.2 Ranged Weapons
 - Level 2.4 Dodging
 - Level 1.2 Stealth


You had one spell level left.
You didn't know any spells.
Your spell library was empty.

Inventory:

Hand Weapons
 a - a +0 shortbow (weapon)
Armour
 c - a +0 leather armour (worn)
Jewellery
 h - a +5 ring of evasion
Scrolls
 b - a scroll of butterflies
 e - 2 scrolls of teleportation {unknown}
 i - a scroll of poison {unknown}
Potions
 d - a potion of curing {unknown}
 f - a potion of heal wounds {unknown}
 g - a potion of haste {unknown}

Dungeon Overview and Level Annotations

Branches:
Dungeon (1/15)

Altars:


Message History

The arrow completely misses the frilled lizard.
You shoot an arrow. The arrow hits the frilled lizard.
The frilled lizard is heavily wounded.
You shoot an arrow. The arrow hits the frilled lizard.
You kill the frilled lizard!
You see here a frilled lizard corpse.
A ball python comes into view.
You shoot an arrow. The arrow hits the ball python.
The ball python hisses angrily.
The ball python is severely wounded.
You shoot an arrow.
The arrow barely misses the ball python.
You shoot an arrow. The arrow hits the ball python!
You kill the ball python!
You see here a ball python corpse.
Found a stone staircase leading down.
You now have 44 gold pieces (gained 8).
Found a club.
You see here a +0 club.
A gnoll comes into view. It is wielding a +0 spear.
The gnoll shouts!
A goblin comes into view. It is wielding a +0 dagger.
A gnoll comes into view.
It is wielding a +2 flail of holy wrath.
Enter note:
Enter note: You shoot an arrow.
The goblin shouts!
The gnoll shouts!
The arrow hits the gnoll.
The gnoll is heavily wounded.
You shoot an arrow. The arrow barely misses the gnoll.
The gnoll hits you from afar with a +0 spear!
Ouch! That really hurt!
You shoot an arrow. The arrow closely misses the gnoll.
The gnoll hits you from afar with a +0 spear.
Enter note:
Enter note:
438 ||| RETREEEEATING.
The gnoll attacks as it pursues you!
The gnoll hits you with a +2 flail of holy wrath!
You die...

#..#~P...........P~#....#
#.#
#.##~~P.........P~~###)##
#.# #.##~~~P.......P~~~#
#.# #.#
#.##~~~~P.....P~~~~#
#.#####.####
#.##~~~~~P.<.P~~~~~#
#[..........
#.##~~~~P.....P~~~~#
#...........
#.##~~~P.......P~~~#
#######.###.
..##~~P.........P~~# #.#
#. ..##~P..........@P~#
#.# #.
...#P............gP# #.#
#.
#.###.......######..g....
..# #. %..........)....
g.##### ### #.
~~~~~.~~~~~.~~~~~ ..# #.
~###~.~###~.~###~ ..# #.
~# #~.~# #~.~# #.# ~#
#~.~# #~.~# .# ~~~~~.~~
~.~~~ ..


You could see 2 gnolls and a goblin.

Vanquished Creatures
  2 ball pythons (D:1)
  3 endoplasms (D:1)
  A giant cockroach (D:1)
  A hobgoblin (D:1)
  2 jackals (D:1)
  2 bats (D:1)
  2 frilled lizards (D:1)
  A kobold (D:1)
  2 rats (D:1)
16 creatures vanquished.

Notes
Turn   | Place    | Note
-------+----------+-------------------------------------------
     0 | D:1      | qw the Deep Elf Hunter began the quest for the Orb.
     0 | D:1      | Reached XP level 1. HP: 12/12 MP: 3/3
     0 | D:1      | 0 ||| qw: Version: 0.3-a-155-g5e7d8dd
     0 | D:1      | 0 ||| qw: Game counter: 1937
     0 | D:1      | 0 ||| qw: Melee chars always use a shield: true
     0 | D:1      | 0 ||| qw: God list: Okawaru
     0 | D:1      | 0 ||| qw: Allow faded altars: false
     0 | D:1      | 0 ||| qw: Do Orc after clearing Dungeon:15 true
     0 | D:1      | 0 ||| qw: Do second Lair branch before Depths: true
     0 | D:1      | 0 ||| qw: Lair rune preference: random
     0 | D:1      | 0 ||| qw: Goals: Normal
     0 | D:1      | 0 ||| PLANNING D:1-11
   145 | D:1      | Reached skill level 6 in Ranged Weapons
   145 | D:1      | Reached XP level 2. HP: 16/16 MP: 4/4
   437 | D:1      | HP: 4/16 [gnoll/+0 spear (4)]
   438 | D:1      | 438 ||| RETREEEEATING.
   438 | D:1      | Slain by a gnoll

Levels and vault maps discovered:
D:1:      eino_arrival_druids_welcome, layout_loops_ring, kennysheep_boxes

Skill      XL: |  1 |
---------------+----+-----
Ranged Weapons | 6 |  6.2
Fighting       | |  1.5
Dodging        | |  2.4
Stealth        | |  1.2

Action                     || total
---------------------------++-------
   Fire: Shortbow          ||    49
 Armour: Leather armour    ||    12
  Dodge: Dodged            ||    18

Table legend:
 A = Non-vault XP
 B = Vault XP
 C = Vault XP percentage of total XP
 D = Non-vault monster count
 E = Vault monster count
 F = Vault count percentage of total count
                 A         B        C        D         E       F
            +---------+---------+-------+---------+---------+-------
      Total |      25 |       0 |   0.0 |      16 |       0 |   0.0
            +---------+---------+-------+---------+---------+-------
        D:1 |      25 |       0 |   0.0 |      16 |       0 |   0.0
            +---------+---------+-------+---------+---------+-------
